Map: Backwater LE

Players

Neeb - Winner!

  • Race: Protoss Protoss
  • Spawn Location: 5:00

JimRising

  • Race: Zerg Zerg
  • League: Grandmaster
  • Spawn Location: 11:00

VOD

Have the link to the VOD?

Description

Time

  • Played on: Feb. 1, 2018, 2:46 p.m.
  • Length: 5:39
Show
View Real Time Build Order
Export as new Build Order

Neeb Protoss - Winner!

Build Orders: 1 Gate Expand, Phoenix Opening 

Get SALT Encoding   

  12  0:00  Probe  
  13  0:13  Probe  
  14  0:17  Pylon  
  14  0:25  Probe  
  15  0:34  Assimilator  
  15  0:37  Probe (Chrono Boost)  
  16  0:45  Gateway  
  17  0:50  Probe (Chrono Boost)  
  17  0:54  Probe (Chrono Boost)  
  18  1:05  Probe  
  19  1:17  Probe  
  20  1:25  Nexus  
  20  1:36  Cybernetics Core  
  20  1:38  Probe  
  21  1:47  Assimilator  
  21  1:50  Probe  
  21  1:54  Pylon  
  22  2:02  Probe  
  23  2:14  Probe, Adept (Chrono Boost)  
  26  2:23  Stargate  
  26  2:26  Probe  
  27  2:33  Adept  
  29  2:38  Probe x2, Warp Gate  
  31  2:50  Probe x2  
  33  3:00  Adept  
  33  3:02  Probe x2  
  37  3:07  Phoenix (Chrono Boost)  
  39  3:14  Probe x2  
  39  3:16  Pylon  
  41  3:23  Gateway  
  41  3:25  Phoenix (Chrono Boost)  
  43  3:28  Probe  
  43  3:30  Probe  
  45  3:39  Assimilator  
  45  3:40  Probe  
  46  3:42  Probe, Assimilator  
  46  3:45  Phoenix (Chrono Boost)  
  49  3:52  Probe  
  49  3:54  Probe  
  49  3:55  Pylon  
  35  4:02  Phoenix (Chrono Boost)  
  51  4:04  Probe  
  51  4:09  Pylon  
  54  4:13  Probe, Pylon  
  54  4:16  Probe  
  56  4:20  Void Ray (Chrono Boost)  
  58  4:28  Shield Battery  
  58  4:31  Shield Battery  
  54  4:32  Pylon  
  54  4:37  Gateway  
  54  4:42  Sentry  
  54  4:43  Stalker  
  58  4:48  Shield Battery  
  58  4:52  Shield Battery  
  58  5:02  Stalker  
  58  5:03  Sentry  
  58  5:04  Probe x2  
  64  5:16  Probe  
  64  5:17  Probe  
  68  5:29  Adept  
Show
View Real Time Build Order
Export as new Build Order

JimRising Zerg 

Build Orders: Hatch First 

Get SALT Encoding   

  12  0:01  Drone  
  13  0:12  Overlord  
  13  0:18  Drone  
  14  0:31  Drone x2  
  16  0:50  Drone  
  16  0:55  Hatchery  
  16  0:56  Drone  
  17  0:58  Extractor  
  17  1:01  Drone  
  17  1:16  Spawning Pool  
  16  1:22  Drone  
  16  1:24  Drone  
  18  1:28  Drone  
  19  1:40  Overlord  
  19  1:50  Drone  
  20  2:03  Queen, Metabolic Boost  
  20  2:06  Queen  
  24  2:10  Drone  
  25  2:20  Zergling x4  
  27  2:25  Drone  
  27  2:26  Drone  
  30  2:30  Drone  
  30  2:43  Hatchery  
  29  2:47  Drone  
  29  2:48  Drone  
  31  2:56  Overlord  
  31  2:59  Overlord  
  31  3:06  Spore Crawler  
  31  3:14  Roach Warren  
  31  3:15  Drone  
  31  3:18  Zergling x4  
  33  3:34  Overlord  
  33  3:46  Overlord  
  33  3:54  Roach x5  
  33  3:55  Roach x3  
  49  3:59  Roach  
  50  4:03  Zergling x4  
  50  4:07  Overlord  
  52  4:10  Zergling x2  
  52  4:15  Zergling x4  
  55  4:20  Zergling x2  
  55  4:21  Zergling x2  
  55  4:23  Zergling x2  
  54  4:30  Zergling x6  
  54  4:36  Zergling x4  
  56  4:38  Zergling x2  
  56  4:43  Zergling x2  
  58  4:47  Zergling x4  
  58  4:51  Zergling x2  
  60  4:55  Zergling x4  
  60  4:58  Zergling x2  
  61  5:01  Zergling x2  
  58  5:10  Zergling x6  
  58  5:11  Zergling x2  
  58  5:13  Ravager  
  51  5:21  Zergling x6  
Tags
 
Add a new tag
Caveats
  • Supply blocks, unpowered buildings, or Contaminate may cause inaccurate times.
  • Supply counts are checked every 10 seconds.